 Dungeon Crawl Stone Soup version 0.31-a0-848-gaac375c287 (webtiles) character file.

Game seed: 6487609694684488606

1 ytrimaz the Changeling (level 1, -1/22 HPs)
             Began as a Demonspawn Shapeshifter on Oct 4, 2023.
             Succumbed to a goblin's poison
             ... on level 1 of the Dungeon.
             The game lasted 00:00:09 (25 turns).

ytrimaz the Changeling (Demonspawn Shapeshifter)      Turns: 25, Time: 00:00:09

Health: -1/22      AC: 20    Str: 14    XL:     1   Next: 16%
Magic:  1/1        EV:  2    Int: 11    God:
Gold:   0          SH:  0    Dex: 12    Spells: 0/0 levels left

rFire   . .          .
                       - Unarmed
rCold   . . .        (no shield)
rNeg    . . .        a - melded +0 animal skin
rPois   +            (helmet currently unavailable)
rElec   .            (cloak currently unavailable)
rCorr   .            (gloves currently unavailable)
SInv    .            (boots currently unavailable)
Will    .....        (no amulet)
Stlth   +            (no ring)
HPRegen 0.23/turn    (no ring)
MPRegen 0.07/turn

%: no passive effects
@: lethally poisoned (-1 -> -6), tree-form
A: stationary, stasis, torment immunity, boosted hp
a: no special abilities


You were on level 1 of the Dungeon.
You were a tree.
You visited 1 branch of the dungeon, and saw 1 of its levels.


   Skills:
 - Level 1.0 Fighting
 - Level 1.7 Dodging
 + Level 2.7 Unarmed Combat
 + Level 2.7 Shapeshifting


You couldn't memorise any spells.
You didn't know any spells.
Your spell library was empty.

Inventory:

Armour
 a - a +0 animal skin (melded)
Talismans
 c - a beast talisman
 d - a flux talisman

Dungeon Overview and Level Annotations

Branches:
Dungeon (1/15) Zot: 5975

Altars:

#########
#........
.......#########
#....#.......#
#....♣)..#
..####.#.##.....
#.........## #.#
##.........####.#
.................
..................
..................
..................
..................


There were no monsters in sight!


Message History

🤖 Initializing magus.rc ...
Options error: Delay interrupt name "hungry" not recognised. (~/.crawlrc:4375) Bad monster_list_colour key: strict_neutral Options error: Unknown color in colour mapping: 'purle:scroll.*immolation' Bad channel name 'pray' for runrest: 'pray:' Options error: Missing colour in message_colour setting: 'that.*feels deathly cold' Options error: Missing colour in message_colour setting: 'and you must be Full or above to equip it' Options error: Missing colour in message_colour setting: 'but rights himself reflexively soon after' Options error: Missing colour in message_colour setting: 'before it is too late' ✅ Successfully initialized magus.rc [v1.9.6] Welcome, ytrimaz the Demonspawn Shapeshifter.
The Orb of Zot is coveted for many reasons.
Will you seize it for your own?
Press ? for a list of commands and other information.
Found a puce potion.
Found a staircase leading out of the dungeon.
e - a puce potion A goblin comes into view.
It is wielding a +0 dagger of venom.
The goblin shouts!
The goblin moves out of view.
A goblin is nearby!
A goblin is nearby!
A goblin is nearby!
A goblin is nearby!
The goblin hits you with a +0 dagger of venom.
You are poisoned. 😕 HP[-2]
You take 2 damage, and now have 13/15 hp.
You barely miss the goblin.
You feel sick. 😕 HP[-1]
You take 1 damage, and now have 12/15 hp.
You closely miss the goblin.
You feel sick.
The goblin hits you with a +0 dagger of venom.
You are lethally poisoned! 😮 HP[-2]
You take 2 damage, and now have 10/15 hp.
You punch the goblin!
You kill the goblin!
* * * LOW HITPOINT WARNING * * *
You feel very sick. 😨 HP[-4]
You take 4 damage, and now have 6/15 hp.
MASSIVE DAMAGE!! (PAUSE) It was a potion of cancellation.
You feel magically purged.
* * * LOW HITPOINT WARNING * * *
You feel very sick. 😱 HP[-3]
You take 3 damage, and now have 3/15 hp.
Your transformation has ended.
You turn into a tree.
Your +0 animal skin melds into your body.
Your roots penetrate the ground.
* * * LOW HITPOINT WARNING * * *
You feel sick.
You now have 22 max hp (+7).
Unknown command.
You cannot move.
You cannot move.
Unknown command.
You cannot move.
There are no items here.
* * * LOW HITPOINT WARNING * * *
You feel sick. 😱 HP[-1]
You take 1 damage, and now have 2/22 hp.
* * * LOW HITPOINT WARNING * * *
You feel sick. 😱 HP[-1]
You take 1 damage, and now have 1/22 hp.
You die...

Action                     || total
---------------------------++-------
  Melee: Unarmed           ||     3
    Use: Potion            ||     2
 Armour: Animal skin       ||     2

Levels and vault maps discovered:
D:1:      dpeg_arrival_solitude, layout_loops_cross

Notes
Turn   | Place    | Note
-------+----------+-------------------------------------------
     0 | D:1      | ytrimaz the Demonspawn Shapeshifter began the quest for the
                  | Orb.
     0 | D:1      | Reached XP level 1. HP: 15/15 MP: 1/1
     0 | D:1      | magus.rc [v1.9.6]
    21 | D:1      | HP: 3/15 [poisoned by a goblin]
    24 | D:1      | HP: 1/22 [poisoned by a goblin]
    25 | D:1      | Succumbed to a goblin's poison

Vanquished Creatures
  A goblin (D:1)
1 creature vanquished.

Table legend:
 A = Non-vault XP
 B = Vault XP
 C = Vault XP percentage of total XP
 D = Non-vault monster count
 E = Vault monster count
 F = Vault count percentage of total count
                 A         B        C        D         E       F
            +---------+---------+-------+---------+---------+-------
      Total |       2 |       0 |   0.0 |       1 |       0 |   0.0
            +---------+---------+-------+---------+---------+-------
        D:1 |       2 |       0 |   0.0 |       1 |       0 |   0.0
            +---------+---------+-------+---------+---------+-------

Action                     || total
---------------------------++-------
  Melee: Unarmed           ||     3
    Use: Potion            ||     2
 Armour: Animal skin       ||     2

Illustrated notes

Table legend:
 A = Kills in this place as a percentage of kills in the entire game.
 B = Kills by you in this place as a percentage of kills by you in the entire game.
 C = Kills by friends in this place as a percentage of kills by friends in the entire game.
 D = Other kills in this place as a percentage of other kills in the entire game.
 E = Experience gained in this place as a percentage of experience gained in the entire game.
 F = Experience gained in this place divided by the number of levels of this place that you have seen.
                   A       B       C       D       E      F
               +-------+-------+-------+-------+-------+----------------------
         Total | 100.0 | 100.0 |   N/A |   N/A | 100.0 |   2.0
       Dungeon | 100.0 | 100.0 |   N/A |   N/A | 100.0 |   2.0
               +-------+-------+-------+-------+-------+----------------------

Table legend: (Time is in decaauts)
 A = Elapsed time spent in this place.
 B = Non-inter-level travel time spent in this place.
 C = Inter-level travel time spent in this place.
 D = Time resting spent in this place.
 E = Time spent auto-exploring this place.
 F = Levels seen in this place.
 G = Mean time per level.
                   A        B        C        D        E       F      G
               +--------+--------+--------+--------+--------+-----+--------+
         Total |     24 |     24 |      0 |      0 |     13 |   1 |   24.0 |
       Dungeon |     24 |     24 |      0 |      0 |     13 |   1 |   24.0 |
               +--------+--------+--------+--------+--------+-----+--------+

Top non-repeatable levels by time:
     D:1: 24 daAuts
